 Seeded DCSS version 0.30.1-3-gfc49f6343a (webtiles) character file.

Game seed: 920673320228942481 (custom seed)

93 McKennaii the Conjurer (level 4, -3/33 HPs)
             Began as a Demigod Conjurer on July 23, 2023.
             Slain by a black bear (8 damage)
             ... on level 4 of the Dungeon.
             The game lasted 00:03:24 (3752 turns).

McKennaii the Conjurer (Demigod Conjurer)           Turns: 3752, Time: 00:03:25

Health: -3/33      AC: 11    Str: 13    XL:     4   Next: 14%
Magic:  0/10       EV: 11    Int: 24    God:
Gold:   50         SH:  0    Dex: 18    Spells: 5/8 levels left

rFire   + + .        a - staff of fire
rCold   + . .        (no shield)
rNeg    + . .        g - quicksilver dragon scales of Wu Jian's Benevolence {rElec rF+ Will+ rCorr Str+5}
rPois   .            w - +0 helmet
rElec   +            m - +0 cloak
rCorr   +            (no gloves)
SInv    .            (no boots)
Will    +....        k - amulet of the Jumping Scavenger {Regen+ Slay+3}
Stlth   +            f - ring of wizardry
HPRegen 1.05/turn    l - ring "Nethaar" {rC+ rN+ Dex+6}
MPRegen 0.12/turn

%: wizardry (x1)
@: no status effects
A: high MP 1, forlorn, divine attributes
a: no special abilities


You were on level 4 of the Dungeon.
You visited 1 branch of the dungeon, and saw 4 of its levels.

You collected 150 gold pieces.
You spent 100 gold pieces at shops.

Inventory:

Armour
 g - the quicksilver dragon scales of Wu Jian's Benevolence (worn) {rElec rF+ Will+ rCorr Str+5}
   (You acquired it on level 1 of the Dungeon)

   Str:       It affects your strength (+5).
   rF:        It protects you from fire.
   rElec:     It insulates you from electricity.
   rCorr:     It protects you from acid and corrosion.
   Will:      It increases your willpower.
 m - a +0 cloak (worn)
 w - a +0 helmet (worn)
Magical Staves
 a - a staff of fire (weapon)
Jewellery
 f - a ring of wizardry (left hand)
 k - the amulet of the Jumping Scavenger (around neck) {Regen+ Slay+3}
   (You acquired it on level 1 of the Dungeon)

   [amulet of regeneration]

   Slay:      It affects your accuracy & damage with ranged weapons and melee
   (+3).
   Regen:     It increases your rate of health regeneration.
 l - the ring "Nethaar" (right hand) {rC+ rN+ Dex+6}
   (You acquired it on level 1 of the Dungeon)

   [ring of dexterity]

   Dex:       It affects your dexterity (+6).
   rC:        It protects you from cold.
   rN:        It protects you from negative energy.
Wands
 y - a wand of paralysis (3)
Scrolls
 h - 2 scrolls of teleportation {unknown}
 i - 2 scrolls of amnesia {unknown}
 j - a scroll of fog {unknown}
 u - a scroll of identify {unknown}
 v - a scroll of poison {unknown}
 x - a scroll of fear {unknown}
Potions
 b - a potion of magic
 c - 2 potions of cancellation {unknown}
 d - a potion of mutation {unknown}
 e - a potion of resistance {unknown}
 n - 3 potions of heal wounds {unknown}
 o - a potion of brilliance {unknown}
 p - a potion of lignification {unknown}
 q - a potion of curing {unknown}
 r - 2 potions of degeneration {unknown}
 s - a potion of ambrosia {unknown}
 t - 2 potions of invisibility {unknown}


   Skills:
 + Level 1.6 Armour
 - Level 1.7 Dodging
 - Level 1.7 Stealth
 + Level 2.7 Spellcasting
 + Level 4.3 Conjurations


You had 5 spell levels left.
You knew the following spells:

 Your Spells              Type           Power      Damage    Failure   Level
a - Magic Dart            Conj           96%        1d7       1%          1
b - Searing Ray           Conj           48%        2d6       2%          2

Your spell library contained the following spells:

 Spells                   Type           Power      Damage    Failure   Level
 Foxfire                  Conj/Fire      80%        2x1d8     4%          1
 Kiss of Death            Conj/Necr      52%        2d9       4%          1
 Dazzling Flash           Conj/Hex       26%        N/A       12%         3
 Confusing Touch          Hex            3%         N/A       26%         3
 Fulminant Prism          Conj/Hex       6%         3d7       34%         4
 Iskenderun's Mystic Bla  Conj/Tloc      13%        2d5       34%         4
 Dispel Undead            Necr           3%         3d7       65%         4
 Fireball                 Conj/Fire      10%        3d6       69%         5
 Starburst                Conj/Fire      10%        6d5       99%         6
 Plasma Beam              Fire/Air       2%         2x1d13    100%        6


Dungeon Overview and Level Annotations

Branches:
Dungeon (4/15)
 Temple: D:4-7

Shops:
D:3 *:

Annotations:
D:2 1 runed translucent door, Crazy Yiuf, Natasha
D:4 Blork the orc


Innate Abilities, Weirdness & Mutations

You have an increased reservoir of magic. (+10% MP)
You shall have no god before yourself.
Your divine heritage dramatically boosts your attributes as you level up.


Message History

The black bear is severely wounded. (Press . to maintain the ray.)
The black bear bites you.
The black bear claws you but does no damage. x2
Without enough magic to sustain it, your searing ray dissipates.
The black bear bites you!
The black bear claws you but does no damage.
The black bear completely misses you. The black bear bites you.
The black bear misses you.
The black bear claws you but does no damage.
You hit the black bear.
The black bear is almost dead.
The black bear bites you! The black bear closely misses you.
The black bear claws you but does no damage.
The black bear bites you but does no damage.
The black bear claws you but does no damage. x2
Unknown command.
You hit the black bear.
The black bear is almost dead.
The black bear closely misses you. The black bear barely misses you.
The black bear claws you but does no damage.
Unknown command.
Casting: Searing Ray (safe; 2% risk of failure)
Confirm with . or Enter, or press ? or * to list all spells.
Aiming: Magic Dart (safe; 1% risk of failure)
Press: ? - help, Shift-Dir - straight line, f/p - black bear
Aim: a black bear (almost dead, berserk, 100% to hit)
The magic dart hits the black bear.
The black bear is almost dead.
The black bear bites you but does no damage.
The black bear misses you.
The black bear claws you but does no damage.
The black bear barely misses you. x3
You hit the black bear.
The black bear is almost dead.
The black bear bites you!
* * * LOW HITPOINT WARNING * * *
The black bear claws you but does no damage. x2
The black bear bites you!
You die...

#...... #.# #####.#... #.#
#.######.. #.# #..# ##. #.#
#..### .. #.# ####..#<# #.#
#.......### #h# #.##......##
#@# #.##.#####.# #.####.##.#
#.# ###......##.#####.#
#.........#.....#.#
#.#######.#####.#.#
#.#..)..†...###.#.# .
######.#.#####.......#.##
....##...........##...#####...
..<......#.......##^### ####


You could see a black bear (berserk).

Vanquished Creatures
  Natasha (D:2)
  2 adders
  A worm (D:3)
  2 dart slugs
  4 endoplasms
  A giant cockroach (D:2)
  4 goblins
  4 hobgoblins
  6 kobolds
  2 quokkas
  7 ball pythons
  4 bats
  4 rats
42 creatures vanquished.

Notes
Turn   | Place    | Note
-------+----------+-------------------------------------------
     0 | D:1      | McKennaii the Demigod Conjurer began the quest for the Orb.
     0 | D:1      | Reached XP level 1. HP: 14/14 MP: 5/5
  1177 | D:1      | Identified 3 scrolls of acquirement
  1177 | D:1      | Acquired the ring "Nethaar" {rC+ rN+ Dex+6}
  1178 | D:1      | Acquired the quicksilver dragon scales of Wu Jian's
                  | Benevolence {rElec rF+ Will+ rCorr Str+5}
  1179 | D:1      | Acquired the amulet of the Jumping Scavenger {Regen+
                  | Slay+3}
  1274 | D:2      | Reached XP level 2. HP: 18/20 MP: 1/7
  1458 | D:2      | Noticed Natasha
  1467 | D:2      | Killed Natasha
  1468 | D:2      | Reached skill level 1 in Armour
  1468 | D:2      | Reached skill level 4 in Conjurations
  1468 | D:2      | Reached XP level 3. HP: 15/26 MP: 1/9
  1667 | D:2      | Learned a level 2 spell: Searing Ray
  2136 | D:2      | Found a runed translucent door.
  2137 | D:2      | Noticed Crazy Yiuf
  2386 | D:2      | Noticed Natasha
  2558 | D:3      | Found Xyxiz's Assorted Antiques.
  2602 | D:3      | Bought a blue potion for 20 gold pieces
  2602 | D:3      | Bought a murky purple potion for 20 gold pieces
  2602 | D:3      | Bought a fizzy white potion for 20 gold pieces
  2602 | D:3      | Bought a purple potion for 20 gold pieces
  2602 | D:3      | Bought a fuming blue potion for 20 gold pieces
  2711 | D:3      | Found Rylak's Book Boutique.
  3441 | D:4      | Reached XP level 4. HP: 33/33 MP: 6/10
  3529 | D:4      | Noticed Blork the orc
  3739 | D:4      | Noticed a black bear
  3752 | D:4      | Slain by a black bear

Illustrated notes

Levels and vault maps discovered:
D:1:      dpeg_arrival_orchard, layout_basic
D:2:      layout_loops_corners, uniq_natasha, uniq_crazy_yiuf_cottage
D:3:      layout_basic, serial_shops, nicolae_shop_stone, shop
D:4:      layout_basic, nicolae_figureground_sparkle, uniq_sigmund, uniq_robin,
          uniq_blork_the_orc

Skill      XL: |  1  2 |
---------------+-------+-----
Spellcasting   | 2 |  2.7
Armour         | 1 |  1.6
Conjurations   | 4 |  4.3
Dodging        | |  1.7
Stealth        | |  1.7

Action                     |  1- 3 |  4- 6 || total
---------------------------+-------+-------++-------
  Melee: Unarmed           |     4 |       ||     4
         Staff             |       |     3 ||     3
   Cast: Magic Dart        |    85 |    20 ||   105
         Searing Ray       |     1 |     2 ||     3
    Use: Scroll            |     3 |       ||     3
 Armour: Quicksilver drago |     9 |    13 ||    22
  Dodge: Dodged            |     8 |    10 ||    18
